 Dungeon Crawl Stone Soup version 0.30-a0-272-gf98c3da03f (webtiles) character file.

Game seed: 8846327312618997587

1020 koil the Sneak (level 8, -2/39 HPs)
             Began as a Spriggan Enchanter on Oct 15, 2022.
             Shot with an arrow by a centaur (11 damage)
             ... on level 5 of the Dungeon.
             The game lasted 00:11:21 (3882 turns).

koil the Sneak (Spriggan Enchanter)                 Turns: 3882, Time: 00:11:21

Health: -2/39      AC:  5    Str:  4    XL:     8   Next: 2%
Magic:  7/16       EV: 20    Int: 17    God:
Gold:   277        SH:  0    Dex: 17    Spells: 12/17 levels left

rFire   . . .      SeeInvis +    r - +2 short sword (venom)
rCold   . . .      Faith    .    (no shield)
rNeg    + . .      Spirit   .    z - +0 robe
rPois   .          Reflect  .    (helmet restricted)
rElec   .          Harm     .    t - +2 cloak {rCorr}
rCorr   +          Rampage  .    (gloves unavailable)
Will    +....                    (boots unavailable)
Stlth   ++++......               (no amulet)
HPRegen 0.26/turn                o - ring of positive energy
MPRegen 0.15/turn                (no ring)

@: very quick
A: very small, no large weapons, unfitting armour, see invisible, speed 3
a: no special abilities


You were on level 5 of the Dungeon.
You visited 1 branch of the dungeon, and saw 5 of its levels.

You collected 277 gold pieces.

Inventory:

Hand Weapons
 a - a +1 dagger
 r - a +2 short sword of venom (weapon)
 s - a +2 quarterstaff of chaos
 w - a +3 whip
 G - a +1 dagger of protection
Missiles
 f - a throwing net (quivered)
 n - 8 poisoned darts
 u - 5 curare-tipped darts
Armour
 b - a +0 robe
 t - a +2 cloak of preservation (worn)
 v - a +1 cloak
 y - a +0 robe
 z - a +0 robe (worn)
Magical Staves
 d - a staff of fire
Jewellery
 o - a ring of positive energy (left hand)
Wands
 A - a wand of mindburst (17)
 B - a wand of charming (10)
Scrolls
 e - 5 scrolls of identify {unknown}
 h - 2 scrolls of poison {unknown}
 i - 2 scrolls of blinking {unknown}
 j - a scroll of noise {unknown}
 m - a scroll of torment {unknown}
 p - a scroll of enchant weapon {unknown}
 x - a scroll of vulnerability {unknown}
 C - a scroll of immolation {unknown}
 E - 2 scrolls of butterflies {unknown}
Potions
 c - 2 potions of invisibility
 g - a potion of curing {unknown}
 k - a potion of cancellation {unknown}
 l - a potion of heal wounds {unknown}
 q - a potion of might {unknown}
 D - a potion of magic {unknown}
 F - a potion of brilliance {unknown}
 H - a potion of haste {unknown}


   Skills:
 + Level 2.8 Fighting
 + Level 4.0 Short Blades
 + Level 5.4 Dodging
 + Level 7.5 Stealth
 + Level 5.3 Spellcasting
 + Level 5.7 Hexes


You had 12 spell levels left.
You knew the following spells:

 Your Spells              Type           Power      Damage    Failure   Level
a - Ensorcelled Hibernat  Hex/Ice        28%        N/A       6%          2
b - Confusing Touch       Hex            24%        N/A       3%          3

Your spell library contained the following spells:

 Spells                   Type           Power      Damage    Failure   Level
 Tukima's Dance           Hex            24%        N/A       3%          3
 Dazzling Flash           Conj/Hex       28%        N/A       13%         3
 Inner Flame              Hex/Fire       14%        N/A       13%         3
 Cause Fear               Hex            12%        N/A       13%         4
 Magic Dart               Conj           16%        1d3       14%         1
 Call Imp                 Summ           4%         N/A       22%         2
 Mephitic Cloud           Conj/Pois/Air  4%         N/A       38%         3
 Discord                  Hex            12%        N/A       100%        8


Dungeon Overview and Level Annotations

Branches:
Dungeon (5/15)
 Temple: D:4-7

Altars:
Nemelex Xobeh
Yredelemnul
The Shining One

Shops:
D:5 [


Innate Abilities, Weirdness & Mutations

You are very small and have problems with some larger weapons.
You are too small for most types of armour.
You have supernaturally acute eyesight. (SInv)
You cover ground extremely quickly. (Speed+++)


Message History

Unknown command.
The centaur barely misses you. The centaur completely misses you.
The centaur wields a +0 shortbow.
The centaur shoots an arrow.
The arrow misses you.
You open the door.
There is an open door here.
You close the door.
You open the door.
There is an open door here.
You close the door.
You start resting.
A centaur opens the door.
It is wielding a +0 shortbow.
Casting: Ensorcelled Hibernation (safe; 6% risk of failure)
Confirm with . or Enter, or press ? or * to list all spells.
Aiming: Ensorcelled Hibernation (safe; 6% risk of failure)
Press: ? - help, Shift-Dir - straight line, f/p - centaur
Aim: a centaur, wielding a +0 shortbow (wandering, hasn't noticed you, chance to affect: 48%)
The centaur shouts!
The centaur resists with some effort.
The centaur shoots an arrow.
The arrow barely misses you.
The centaur shoots an arrow.
The arrow closely misses you.
As you close the door, it creaks loudly!
A centaur opens the door.
The centaur shoots an arrow.
The arrow barely misses you.
The centaur shoots an arrow.
The arrow closely misses you.
The centaur shoots an arrow.
The arrow barely misses you.
There is an open door here.
You close the door.
You start resting.
The centaur shoots an arrow.
The arrow hits you.
* * * LOW HITPOINT WARNING * * *
A centaur is nearby!
A centaur is nearby!
Unknown command.
The centaur shoots an arrow.
The arrow misses you.
The centaur shoots an arrow.
The arrow hits you.
* * * LOW HITPOINT WARNING * * *
The centaur shoots an arrow.
The arrow closely misses you.
The centaur shoots an arrow.
The arrow hits you!
You die...

######## #......#
####### #@# #.....#
#.# #.....# #.#
#.....# #.# #.....#
#.#
#####.....###.####.#
#...........c.....l#
#.##....c.....###..#
#c##.##'##)###### #


You could see a centaur.

Vanquished Creatures
  Menkaure (D:4)
  A water moccasin (D:4)
  An ogre (D:4)
  2 scorpions
  A bullfrog (D:5)
  A necrophage (D:4)
  A gnoll sergeant (D:5)
  A hound (D:5)
  An orc priest (D:5)
  Crazy Yiuf (D:3)
  An orc wizard (D:5)
  Natasha (thrice) (D:3)
  8 gnolls
  An adder (D:5)
  2 ufetubi
  2 worms (D:2)
  2 dart slugs
  17 orcs
  7 ball pythons
  4 bats
  7 endoplasms
  2 giant cockroaches
  5 goblins
  10 hobgoblins
  11 jackals
  12 kobolds
  2 quokkas
  A frilled lizard (D:3)
  2 rats
110 creatures vanquished.

Vanquished Creatures (others)
  2 fungi (D:3)
  2 plants (D:3)
  3 withered plants (D:3)
7 creatures vanquished.

Grand Total: 117 creatures vanquished

Notes
Turn   | Place    | Note
-------+----------+-------------------------------------------
     0 | D:1      | koil the Spriggan Enchanter began the quest for the Orb.
     0 | D:1      | Reached XP level 1. HP: 9/9 MP: 5/5
    73 | D:1      | Reached XP level 2. HP: 13/13 MP: 6/6
    93 | D:1      | Learned a level 2 spell: Ensorcelled Hibernation
   472 | D:1      | Reached XP level 3. HP: 17/17 MP: 8/8
  1073 | D:2      | Reached skill level 5 in Stealth
  1165 | D:2      | You fall into a shaft and drop 1 floor!
  1226 | D:3      | Found a sparkling altar of Nemelex Xobeh.
  1446 | D:3      | Noticed Natasha
  1448 | D:3      | Killed Natasha
  1449 | D:3      | Reached skill level 1 in Fighting
  1449 | D:3      | Reached XP level 4. HP: 22/22 MP: 10/10
  1466 | D:3      | Learned a level 3 spell: Confusing Touch
  1519 | D:3      | Noticed Natasha
  1537 | D:3      | Killed Natasha
  1755 | D:3      | Found a basalt altar of Yredelemnul.
  1793 | D:3      | Reached XP level 5. HP: 20/25 MP: 0/11
  1796 | D:3      | Noticed Natasha
  1869 | D:3      | Killed Natasha
  2203 | D:3      | Found a faded altar of an unknown god.
  2461 | D:3      | Found a runed translucent door.
  2462 | D:3      | Noticed Crazy Yiuf
  2559 | D:3      | Killed Crazy Yiuf
  2685 | D:4      | Reached skill level 6 in Stealth
  2685 | D:4      | Reached XP level 6. HP: 24/30 MP: 9/13
  2806 | D:4      | Noticed a water moccasin
  2813 | D:4      | Killed a water moccasin
  2845 | D:4      | Noticed Menkaure
  2852 | D:4      | Killed Menkaure
  2853 | D:4      | Reached skill level 5 in Hexes
  2853 | D:4      | Reached XP level 7. HP: 35/35 MP: 14/14
  3392 | D:5      | Entered Level 5 of the Dungeon
  3455 | D:5      | Reached skill level 7 in Stealth
  3472 | D:5      | Found a glowing golden altar of the Shining One.
  3509 | D:5      | Reached skill level 5 in Dodging
  3540 | D:5      | Reached skill level 5 in Spellcasting
  3719 | D:5      | Found Diaveat's Armour Boutique.
  3796 | D:5      | Reached XP level 8. HP: 30/39 MP: 11/16
  3882 | D:5      | Shot with an arrow by a centaur

Illustrated notes

Levels and vault maps discovered:
D:1:      shiori_arrival_elements, layout_basic,
          hangedman_decor_clover_reticule, dk_noncrumbling_2,
          hangedman_feature_mirror
D:2:      layout_basic
D:3:      layout_loops_ring, nemelex_dance_club_becter,
          mainiacjoe_overflow_surrounded_room,
          shapermc_ecumenical_altar_flowoftime, uniq_natasha,
          uniq_crazy_yiuf_cottage
D:4:      layout_rooms, uniq_menkaure
D:5:      layout_basic, old_standard_altar, serial_shops, shop,
          minmay_joined_circles

Skill      XL: |  1  2  3  4  5  6  7 |
---------------+----------------------+-----
Dodging        | 3 4 5 |  5.4
Spellcasting   | 3 4 5 |  5.3
Stealth        | 5 6 7 |  7.5
Hexes          | 4 5 |  5.7
Short Blades   | 2 3 4 |  4.0
Fighting       | 1 2 |  2.8

Action                   |  1- 3 |  4- 6 |  7- 9 || total
-------------------------+-------+-------+-------++-------
Melee: Dagger            |   142 |    74 |       ||   216
       Punch             |     2 |       |     4 ||     6
       Short sword       |       |    30 |   111 ||   141
 Cast: Ensorcelled Hiber |     6 |    16 |    17 ||    39
       Confusing Touch   |       |     2 |       ||     2
 Stab: Distracted        |     2 |       |     2 ||     4
       Sleeping          |    10 |    18 |     8 ||    36
       Confused          |       |     2 |       ||     2
Armor: Robe              |    15 |     5 |    10 ||    30
Dodge: Dodged            |    82 |    58 |    92 ||   232

Table legend: (Time is in decaauts)
 A = Elapsed time spent in this place.
 B = Non-inter-level travel time spent in this place.
 C = Inter-level travel time spent in this place.
 D = Time resting spent in this place.
 E = Time spent auto-exploring this place.
 F = Levels seen in this place.
 G = Mean time per level.
                   A        B        C        D        E       F      G
               +--------+--------+--------+--------+--------+-----+--------+
         Total |   2817 |   2781 |     36 |    134 |   1891 |   5 |  563.4 |
       Dungeon |   2817 |   2781 |     36 |    134 |   1891 |   5 |  563.4 |
               +--------+--------+--------+--------+--------+-----+--------+

Top non-repeatable levels by time:
     D:3: 941 daAuts
     D:4: 550 daAuts
     D:1: 538 daAuts
     D:2: 412 daAuts
     D:5: 375 daAuts
